Cogmind - Beta 13 *** ADVENTURER MODE // 2024.04.13 @ 12:36:23 Player: Shippujinlai Result: Destroyed by G-73 Enforcer with Phase Gun Performance ------------- Evolutions (6) 3000 Regions Visited (10) 2000 Robots Destroyed (180) 900 Value Destroyed (5462) 5462 Prototype IDs (17) 340 Alien Tech Used (0) 0 Bonus (1129) 1129 TOTAL SCORE: 12831 Bonus ------- High Alert Combat Kills 83 Follower Combat Kills 65 Met Warlord at Base 500 MAIN.C Attacked Warlord 500 Friendly Fire -19 Cogmind --------- Core Integrity 0/1150 Matter 300/300 Energy 75/100 System Corruption 0% Temperature Cool (9) Movement Core (50) Location -4/Warlord Parts ------- > --- POWER (2) -------- (None) > --- PROPULSION (4) --- (None) > --- UTILITY (10) ----- (None) > --- WEAPON (3) ------- (None) > --- INVENTORY (5) ---- Vortex Rifle (35) Vortex Rifle (35) Signal Generator Peak State ------------ > --- POWER ------------ Heavy Deuterium Engine Micro Nuclear Core > --- PROPULSION ------- Cooled Airjet Gravmag Array > --- UTILITY ---------- Improved Signal Interpreter Melee Analysis Suite Microactuators Hacking Suite Hacking Suite Improved Hacking Suite System Shield > --- WEAPON ----------- Impact Mace > --- INVENTORY -------- Gravmag Array Improved Signal Interpreter Hacking Suite Component Analysis Suite [Rating: 55] Favorites ----------- Power Light Nuclear Core Engine Improved Ion Engine Power Core Light Nuclear Core Propulsion Light Treads Treads Light Treads Leg Aluminum Leg Wheel Wheel Hover Unit Backup Propulsion III Flight Unit VTOL Module Utility High-capacity Storage Unit Device Improved Shield Generator Storage High-capacity Storage Unit Processor Signal Interpreter Hackware Hacking Suite Protection Improved Light Armor Plating Weapon Improved EM Shotgun Energy Gun Improved EM Shotgun Energy Cannon Improved EM Pulse Cannon Ballistic Gun High-powered Shotgun Launcher Smartbomb Launcher Special Weapon Remote Datajack Impact Weapon Impact Mace Slashing Weapon Chainsword Build | -11 -10 -9 -8 -7 -6 -5 -4 -4 -4 -4 ------- Run | Yrd Mat Mat Mat Fac Fac Fac Fac Upp Upp War Slots Evolved 12 | . . 2 2 2 2 2 2 . . . Power 1 | . . . . 1 . . . . . . Propulsion 2 | . . . 1 . . 1 . . . . Utility 8 | . . 1 1 1 2 1 2 . . . Weapon 1 | . . 1 . . . . . . . . Parts Attached 143 | 6 24 27 19 23 23 9 2 3 3 4 Power 21 | 1 4 1 2 6 4 2 . 1 . . Engine 9 | 1 3 1 1 2 1 . . . . . Core 12 | . 1 . 1 4 3 2 . 1 . . Reactor . | . . . . . . . . . . . Propulsion 38 | 2 11 6 4 5 6 1 . . 1 2 Treads 21 | . 5 6 3 5 2 . . . . . Leg 7 | 2 4 . . . . 1 . . . . Wheel 1 | . . . 1 . . . . . . . Hover 8 | . 2 . . . 4 . . . . 2 Flight 1 | . . . . . . . . . 1 . Utility 37 | 1 6 2 4 8 7 3 2 1 2 1 Device 9 | . 1 . 1 2 2 1 . . 1 1 Storage 6 | 1 4 . . . . 1 . . . . Processor 10 | . 1 2 2 3 . 1 . . 1 . Hackware 7 | . . . . . 4 . 2 1 . . Protection 5 | . . . 1 3 1 . . . . . Artifact . | . . . . . . . . . . . Weapon 47 | 2 3 18 9 4 6 3 . 1 . 1 Energy Gun 32 | 2 2 17 7 2 1 . . . . 1 Energy Cannon 1 | . . . . 1 . . . . . . Ballistic Gun 5 | . 1 1 2 . . . . 1 . . Ballistic Cannon . | . . . . . . . . . . . Launcher 4 | . . . . . 2 2 . . . . Special Weapon 1 | . . . . . 1 . . . . . Impact Weapon 3 | . . . . 1 1 1 . . . . Slashing Weapon 1 | . . . . . 1 . . . . . Piercing Weapon . | . . . . . . . . . . . Special Melee Weapon . | . . . . . . . . . . . Unidentified Prototypes 13 | . . 4 2 2 3 1 . . . 1 Corrupted Parts 1 | . . . . . 1 . . . . . System Corruption 2 | . . . . . 2 . . . . . Parts Lost 55 | . 4 . 9 7 12 6 . 8 3 6 Power 12 | . 2 . 1 2 2 1 . 2 . 2 Propulsion 14 | . 1 . 3 1 4 . . 1 1 3 Utility 15 | . . . . 1 6 3 . 3 2 . Weapon 14 | . 1 . 5 3 . 2 . 2 . 1 Highest Loss Streak 6 | . 2 . 6 2 3 6 . 4 3 6 To Critical Strikes . | . . . . . . . . . . . Average Slot Usage (%) 83 | . 96 99 95 96 76 30 39 31 14 38 Engine 4 | . 4 5 6 3 4 . . . . 7 Core 6 | . 9 5 2 10 6 2 5 2 . . Treads 15 | . 20 22 24 21 3 . . . . . Leg 1 | . 5 . . . . 1 5 2 . . Hover 1 | . . . . . 8 . . . . 9 Device 2 | . 6 . 1 3 7 . . . . 2 Storage 7 | . 13 11 9 7 . . . . . . Processor 14 | . 6 22 22 19 13 13 5 2 4 5 Hackware 4 | . . . . . 18 5 12 20 9 5 Protection 1 | . . . 2 6 2 . . . . . Energy Gun 18 | . 27 32 25 15 . . . . . 7 Impact Weapon 1 | . . . . 1 6 . . . . . Naked Turns 2 | . . . . . . . . . . 2 Heaviest Build 86 | 13 86 58 61 76 67 20 20 20 3 22 Greatest Support 69 | 20 40 46 69 63 60 20 20 20 4 40 Greatest Overweight (x) 18 | 3 8 1 18 1 7 4 . 4 . 3 Average Overweight (x) . | . . 1 . . . . . . . . Largest Inventory Capacity 25 | 8 25 20 20 20 20 5 5 5 5 5 Average Capacity 15 | 7 16 20 20 20 5 5 5 5 5 5 Most Carried 20 | . 9 20 20 20 20 5 3 1 1 3 Average Carried 10 | . 4 16 17 17 5 4 1 1 . 2 Final Capacity 20 | 8 20 20 20 20 5 5 5 5 5 5 Final Carried 20 | . 9 20 13 20 5 3 1 1 . 3 Class Distribution -------------------- 24% | Gunner 21% | Hacker-Mutant 20% | Scavenger-Mutant 18% | Scavenger-Gunner 6% | Hacker-Gladiator 4% | Mutant 3% | Scavenger-Tank Dominant Class ---------------- Scavenger-Mutant | -10/Materials Gunner | -9/Materials Gunner | -8/Materials Scavenger-Gunner | -7/Factory Hacker-Gladiator | -6/Factory Hacker-Mutant | -5/Factory Hacker-Gunner | -4/Factory Hacker-Mutant | -4/Upper Caves Hacker-Mutant | -4/Upper Caves Hacker-Mutant | -4/Warlord Resources | -11 -10 -9 -8 -7 -6 -5 -4 -4 -4 -4 ----------- Run | Yrd Mat Mat Mat Fac Fac Fac Fac Upp Upp War Matter Collected 2037 | 260 317 338 222 394 244 63 . 140 . 59 Remotely . | . . . . . . . . . . . Salvage Created 7484 | . 867 1705 1921 1618 1014 127 . 232 . . Parts 396 | . 58 121 98 64 40 5 . 10 . . Haulers Intercepted 15 | . 2 5 6 2 . . . . . . Recyclers Shooed 7 | . 3 . 3 1 . . . . . . Parts Field Recycled . | . . . . . . . . . . . Retrieved Matter . | . . . . . . . . . . . Parts Self-Destructed 9 | . . . . . . . . 8 1 . Prevented . | . . . . . . . . . . . Kills | -11 -10 -9 -8 -7 -6 -5 -4 -4 -4 -4 ------- Run | Yrd Mat Mat Mat Fac Fac Fac Fac Upp Upp War Combat Hostiles Destroyed 113 | . 16 21 23 25 18 2 . 8 . . Melee 18 | . . . . 2 13 . . 3 . . Guns 74 | . 16 19 19 19 . . . 1 . . Cannons 1 | . . . . 1 . . . . . . AOE 10 | . . 2 3 . . 1 . 4 . . Classes Destroyed 15 | . 5 5 4 1 . . . . . . Worker 12 | . 2 7 1 2 . . . . . . Builder 11 | . 1 2 2 4 2 . . . . . Tunneler 5 | . . 2 2 . . 1 . . . . Hauler 15 | . 2 5 6 2 . . . . . . Recycler 7 | . . 1 4 1 1 . . . . . Mechanic 1 | . . . 1 . . . . . . . Operator 7 | . . 3 1 2 1 . . . . . Watcher 9 | . 2 5 . 2 . . . . . . Swarmer 15 | . . . 4 3 3 . . 5 . . Grunt 61 | . 16 13 11 12 8 . . 1 . . Brawler 3 | . . . 1 1 . . . 1 . . Duelist 3 | . . 1 1 1 . . . . . . Sentry 20 | . . 7 5 3 4 . . 1 . . Hunter 7 | . . . 1 3 1 2 . . . . Programmer 4 | . . . . 2 2 . . . . . Best Kill Streak 9 | . 4 6 9 5 5 2 . 4 . . Combat Bots Only 7 | . 4 3 7 3 4 2 . 4 . . Max Kills in Single Turn 3 | . 2 3 3 1 1 1 . 2 . . Gunslinging 1 | . . . 1 . . . . . . . Exploded 2 | . . 1 2 . . 1 . 2 . . Melee 1 | . . . . 1 1 . . 1 . . Uniques/NPCs Destroyed . | . . . . . . . . . . . Combat | -11 -10 -9 -8 -7 -6 -5 -4 -4 -4 -4 -------- Run | Yrd Mat Mat Mat Fac Fac Fac Fac Upp Upp War Hostile Shots Fired 1007 | . 115 69 116 193 208 72 12 114 49 59 Missed 345 | . 36 21 34 50 77 21 5 50 22 29 Damage Taken 8154 | . 778 633 1068 1427 1726 615 95 966 364 482 Core 2640 | . 158 148 94 120 623 330 12 619 286 250 Absorbed by Shields 388 | . . . . 155 126 93 . . . 14 Ignored by Resistances 2462 | . 237 187 308 457 523 206 30 273 101 140 Regen/Repaired (Parts) 247 | . 65 . 59 123 . . . . . . Core Remaining (%) 65 | 100 36 63 82 82 26 67 . . . . Volleys Fired 259 | . 76 56 47 62 . 1 . 17 . . Largest 3 | . 2 3 3 3 . 1 . 1 . . Hottest 194 | . 80 152 145 194 . 36 . 46 . . Shots Fired 619 | . 153 165 122 161 . 1 . 17 . . Gun 612 | . 153 165 122 159 . . . 13 . . Cannon 2 | . . . . 2 . . . . . . Launcher 5 | . . . . . . 1 . 4 . . Special . | . . . . . . . . . . . Kinetic 68 | . 19 . . 36 . . . 13 . . Thermal 280 | . 127 75 . 78 . . . . . . Explosive 5 | . . . . . . 1 . 4 . . Electromagnetic 266 | . 7 90 122 47 . . . . . . Robot Hit Streak 50 | . 24 40 50 33 . 9 . 13 . . Robot Miss Streak 5 | . 3 2 2 5 . . . 2 . . Penetration Max . | . . . . . . . . . . . Secondary Targets 14 | . 5 . 7 2 . . . . . . Max Gunslinging Chain 2 | . 1 . 2 1 . . . . . . Shots Hit Robots 549 | . 123 119 106 138 43 9 . 11 . . Core Hits 305 | . 46 73 78 71 12 1 . 24 . . Critical Kills 9 | . 1 . . . 8 . . . . . Critical Parts Destroyed 13 | . 1 . . 6 5 1 . . . . Critical Strikes 31 | . 2 1 . 12 15 1 . . . . Burn 7 | . . 1 . 6 . . . . . . Destroy 2 | . 2 . . . . . . . . . Smash 21 | . . . . 6 14 1 . . . . Sever 1 | . . . . . 1 . . . . . Melee Attacks 77 | . . . . 14 55 8 . . . . Impact 69 | . . . . 14 51 4 . . . . Slashing 8 | . . . . . 4 4 . . . . Piercing . | . . . . . . . . . . . Sneak Attacks 11 | . . . . 5 5 1 . . . . Combat Hostiles 2 | . . . . 1 1 . . . . . Follow-up Attacks 1 | . . . . . 1 . . . . . Damage Inflicted 13254 | . 1455 2208 2599 3415 2144 416 . 1011 6 . Guns 8215 | . 1455 2074 2011 2565 . . . 110 . . Cannons 83 | . . . . 83 . . . . . . Explosions 1631 | . . 134 588 22 . 48 . 839 . . Melee 3237 | . . . . 733 2136 368 . . . . Ramming 88 | . . . . 12 8 . . 62 6 . Kinetic 948 | . 204 . . 634 . . . 110 . . Thermal 3967 | . 1174 995 588 1210 . . . . . . Explosive 887 | . . . . . . 48 . 839 . . Electromagnetic 4127 | . 77 1213 2011 826 . . . . . . Impact 3005 | . . . . 733 2105 167 . . . . Slashing 232 | . . . . . 31 201 . . . . Piercing . | . . . . . . . . . . . Highest Corruption 7 | . 1 2 1 3 5 . . 6 7 7 Average Corruption 1 | . 1 2 1 2 1 . . 4 6 7 Corruption Purged 1 | . . . . . 1 . . . . . Corruption Blocked . | . . . . . . . . . . . Effects 72 | . 9 15 12 25 5 . . 1 5 . Message Errors 16 | . 1 6 3 4 . . . . 2 . Matter Fused 19 | . 3 3 2 7 2 . . . 2 . Heat Flow Errors 6 | . 2 1 2 . 1 . . . . . Energy Discharges 9 | . . 2 1 5 . . . . 1 . Parts Rejected 4 | . 1 . . 1 1 . . 1 . . Parts Fused 1 | . . 1 . . . . . . . . Data Loss (minor) 9 | . 1 . 3 4 1 . . . . . Data Loss (major) 4 | . . 1 1 2 . . . . . . Misfires 3 | . 1 . . 2 . . . . . . Alerts 1 | . . 1 . . . . . . . . Overload Shots . | . . . . . . . . . . . Overflow Damage 1585 | . 42 9 62 555 657 110 . 150 . . Projectiles . | . . . . . . . . . . . Explosions 283 | . 42 9 62 20 . . . 150 . . Melee 1302 | . . . . 535 657 110 . . . . Knockbacks 12 | . . . . . 9 3 . . . . Impact 12 | . . . . . 9 3 . . . . Kinetic . | . . . . . . . . . . . Secondary . | . . . . . . . . . . . Self-Inflicted Damage 582 | . 76 90 104 72 93 44 . 100 3 . Shots 15 | . 1 4 4 2 1 1 . 2 . . Rammed 18 | . 1 . . 1 2 . . 13 1 . Targets Rammed 18 | . 1 . . 1 2 . . 13 1 . Kicked . | . . . . . . . . . . . Crushed . | . . . . . . . . . . . Highest Temperature 549 | . 222 372 549 480 388 . . 9 . . Average Temperature 115 | . 62 101 157 120 170 . . 9 . . Received Heat Transfer 2546 | . 504 273 603 482 366 . 18 219 . 81 Effects 17 | . . 1 10 6 . . . . . . Shutdowns 5 | . . . 1 4 . . . . . . Energy Bleed 2 | . . . 1 1 . . . . . . Interference 3 | . . . 3 . . . . . . . Matter Decay 3 | . . 1 2 . . . . . . . Short Circuit 3 | . . . 2 1 . . . . . . Damage (minor) 1 | . . . 1 . . . . . . . Siege Activations . | . . . . . . . . . . . Robots Corrupted 2 | . . . 1 1 . . . . . . Combat Hostiles 2 | . . . 1 1 . . . . . . Parts Fried 49 | . . 5 19 9 15 1 . . . . Impact Corruptions 29 | . . . . 10 18 1 . . . . Robots Melted . | . . . . . . . . . . . Combat Hostiles . | . . . . . . . . . . . Parts Melted 20 | . 4 6 1 9 . . . . . . Heat Transferred 8049 | . 2575 2197 600 2677 . . . . . . Parts Sabotaged 8 | . . . . . . . . . . 8 Parts Stolen . | . . . . . . . . . . . Parts Stripped . | . . . . . . . . . . . Power Chain Reactions 11 | . . 4 6 1 . . . . . . Alert | -11 -10 -9 -8 -7 -6 -5 -4 -4 -4 -4 ------- Run | Yrd Mat Mat Mat Fac Fac Fac Fac Upp Upp War Peak Influence 496 | . 341 202 435 364 496 166 79 . . . Initial 169 | . . 10 72 169 11 146 69 . . . Average 147 | . 97 67 262 199 213 154 76 . . . Maximum Alert Level 2 | . 1 1 2 1 2 . . . . . Low Security (%) 69 | 100 82 98 45 42 44 100 100 . . . Level 1 27 | . 17 1 40 57 49 . . . . . Level 2 2 | . . . 14 . 5 . . . . . Level 3 . | . . . . . . . . . . . Level 4 . | . . . . . . . . . . . Level 5 . | . . . . . . . . . . . High Security . | . . . . . . . . . . . Max Security . | . . . . . . . . . . . Squads Dispatched 42 | . 6 6 6 14 8 1 1 . . . Investigation 20 | . 6 3 2 4 4 . 1 . . . Extermination 5 | . . . . 3 1 1 . . . . Reinforcement 13 | . . 3 3 4 3 . . . . . Assault . | . . . . . . . . . . . Garrison 4 | . . . 1 3 . . . . . . Intercept . | . . . . . . . . . . . Searches Triggered . | . . . . . . . . . . . Construction Impeded 3 | . . . 1 2 . . . . . . Haulers Reinforced . | . . . . . . . . . . . Active Scanning Responses . | . . . . . . . . . . . Cargo Convoy Interrupts 1 | . . . . . 1 . . . . . Stealth | -11 -10 -9 -8 -7 -6 -5 -4 -4 -4 -4 --------- Run | Yrd Mat Mat Mat Fac Fac Fac Fac Upp Upp War Distress Signals 8 | . 2 3 . 1 1 . . . . 1 Communications Jammed . | . . . . . . . . . . . Distress Signals . | . . . . . . . . . . . Times Spotted 242 | . 25 31 29 34 45 2 4 38 7 27 Peak Tracking Total 23 | . 7 4 6 4 9 2 4 9 7 23 Tactical Retreats 18 | . . 1 . 1 5 . . 10 . 1 Traps | -11 -10 -9 -8 -7 -6 -5 -4 -4 -4 -4 ------- Run | Yrd Mat Mat Mat Fac Fac Fac Fac Upp Upp War Traps Triggered 11 | . 2 1 . 4 4 . . . . . Indirectly . | . . . . . . . . . . . Trap Hack Attempts . | . . . . . . . . . . . Triggered . | . . . . . . . . . . . Disarmed . | . . . . . . . . . . . Reprogrammed . | . . . . . . . . . . . Reused . | . . . . . . . . . . . Traps Extracted . | . . . . . . . . . . . Installed . | . . . . . . . . . . . Triggered 11 | . . . . . 1 . . . . 10 Machines | -11 -10 -9 -8 -7 -6 -5 -4 -4 -4 -4 ---------- Run | Yrd Mat Mat Mat Fac Fac Fac Fac Upp Upp War Machines Disabled 13 | . 3 2 2 5 1 . . . . . Max in Single Turn 3 | . 2 1 1 3 1 . . . . . Garrison Access 2 | . . . 1 . 1 . . . . . Machines Repaired . | . . . . . . . . . . . Machines Dismantled . | . . . . . . . . . . . Machines Sabotaged . | . . . . . . . . . . . Overloaded Fab Kills . | . . . . . . . . . . . Hacking | -11 -10 -9 -8 -7 -6 -5 -4 -4 -4 -4 --------- Run | Yrd Mat Mat Mat Fac Fac Fac Fac Upp Upp War Machines Accessed 47 | . 9 11 5 6 9 . 1 . . 6 Terminals 25 | . 6 9 3 1 5 . 1 . . . Fabricators 3 | . . . . 2 1 . . . . . Repair Stations 3 | . 1 . 1 1 . . . . . . Recycling Units 4 | . 2 . . 1 1 . . . . . Scanalyzers 4 | . . 2 . 1 1 . . . . . Garrison Access 2 | . . . 1 . 1 . . . . . Total Hacks 130 | . 22 40 13 15 22 . 3 . . 15 Successful 84 | . 10 31 8 8 11 . 1 . . 15 Failed 45 | . 12 8 5 7 11 . 2 . . . Catastrophic 11 | . 2 1 1 1 4 . 2 . . . Database Lockouts 1 | . . 1 . . . . . . . . Manual 68 | . 18 24 7 3 12 . 2 . . 2 Terminals 62 | . 17 20 7 3 12 . 3 . . . Fabricators 7 | . . . . 5 2 . . . . . Repair Stations 8 | . 3 . 3 2 . . . . . . Recycling Units 6 | . 2 . . 3 1 . . . . . Scanalyzers 28 | . . 20 . 2 6 . . . . . Garrison Access 4 | . . . 3 . 1 . . . . . Terminal Hacks 31 | . 2 8 3 . 2 . 1 . . 15 Record 15 | . . . . . . . 1 . . 14 Part Schematic 6 | . . 3 2 . 1 . . . . . Robot Analysis 2 | . 2 . . . . . . . . . Prototype ID Bank 2 | . . 2 . . . . . . . . Open Door 1 | . . . . . . . . . . 1 Branch Access Points 1 | . . 1 . . . . . . . . Fabricator Index 1 | . . . 1 . . . . . . . Unreport Threat 1 | . . 1 . . . . . . . . Recall Investigation 1 | . . . . . 1 . . . . . Hauler Manifests 1 | . . 1 . . . . . . . . Fabricator Hacks 6 | . . . . 4 2 . . . . . Load Schematic 3 | . . . . 2 1 . . . . . Build 3 | . . . . 2 1 . . . . . Repair Station Hacks 8 | . 3 . 3 2 . . . . . . Scan Component 5 | . 2 . 2 1 . . . . . . Repair 3 | . 1 . 1 1 . . . . . . Recycling Unit Hacks 3 | . 1 . . 1 1 . . . . . Report Inventory 3 | . 1 . . 1 1 . . . . . Scanalyzer 25 | . . 20 . . 5 . . . . . Insert Component 13 | . . 10 . . 3 . . . . . Analyze 12 | . . 10 . . 2 . . . . . Garrison Access Hacks 2 | . . . 1 . 1 . . . . . Seal Access 2 | . . . 1 . 1 . . . . . Unauthorized Hacks 9 | . 4 3 1 1 . . . . . . Terminals 8 | . 3 3 1 1 . . . . . . Botnet 8 | . 3 3 1 1 . . . . . . Fabricators . | . . . . . . . . . . . Repair Stations . | . . . . . . . . . . . Recycling Units 1 | . 1 . . . . . . . . . Tunnel 1 | . 1 . . . . . . . . . Scanalyzers . | . . . . . . . . . . . Garrison Access . | . . . . . . . . . . . Data Cores Recovered 1 | . . . . . 1 . . . . . Used 1 | . . . . . 1 . . . . . Hacking Detections 34 | . 6 10 3 6 8 . 1 . . . Full Trace Events 20 | . 4 5 2 4 4 . 1 . . . Feedback Events 2 | . 1 . 1 . . . . . . . Corruption 2 | . 1 . 1 . . . . . . . Feedback Blocked . | . . . . . . . . . . . Robot Schematics Acquired . | . . . . . . . . . . . Robots Built . | . . . . . . . . . . . Authchips . | . . . . . . . . . . . Time . | . . . . . . . . . . . Total Robot Build Rating . | . . . . . . . . . . . Part Schematics Acquired 18 | . . 13 2 . 3 . . . . . Parts Built 3 | . . . . 2 1 . . . . . Authchips . | . . . . . . . . . . . Time 204 | . . . . 109 95 . . . . . Total Part Build Rating 11 | . . . . 6 5 . . . . . Parts Repaired 3 | . 1 . 1 1 . . . . . . Time 103 | . 26 . 51 26 . . . . . . Parts Recycled . | . . . . . . . . . . . Recycled Matter . | . . . . . . . . . . . Retrieved Matter . | . . . . . . . . . . . Retrieved Components . | . . . . . . . . . . . Parts Scanalyzed 12 | . . 10 . . 2 . . . . . Part Schematics Acquired 12 | . . 10 . . 2 . . . . . Parts Damaged 1 | . . 1 . . . . . . . . Bothacking | -11 -10 -9 -8 -7 -6 -5 -4 -4 -4 -4 ------------ Run | Yrd Mat Mat Mat Fac Fac Fac Fac Upp Upp War Used RIF Installer . | . . . . . . . . . . . Robots Hacked . | . . . . . . . . . . . Non-combat . | . . . . . . . . . . . Combat . | . . . . . . . . . . . Robot Hacks Applied . | . . . . . . . . . . . Relay Couplers Released . | . . . . . . . . . . . Fabnet Peak Effective % . | . . . . . . . . . . . Robots Rewired . | . . . . . . . . . . . Allies Hacked . | . . . . . . . . . . . Hacks Repelled . | . . . . . . . . . . . Allies | -11 -10 -9 -8 -7 -6 -5 -4 -4 -4 -4 -------- Run | Yrd Mat Mat Mat Fac Fac Fac Fac Upp Upp War Total Allies 3 | . . . . 3 . . . . . . Largest Group 3 | . . . . 3 . . . . . . Highest-Rated Group 93 | . . . . 93 . . . . . . Highest-Rated Ally 31 | . . . . 31 . . . . . . Total Orders . | . . . . . . . . . . . Ally Attacks 27 | . . . . 27 . . . . . . Total Damage 284 | . . . . 284 . . . . . . Kills 3 | . . . . 3 . . . . . . Allies Corrupted . | . . . . . . . . . . . Allies Melted . | . . . . . . . . . . . Intel | -11 -10 -9 -8 -7 -6 -5 -4 -4 -4 -4 ------- Run | Yrd Mat Mat Mat Fac Fac Fac Fac Upp Upp War Robot Analysis Total 2 | . 2 . . . . . . . . . Derelict Logs Recovered 1 | . . . . . . . . 1 . . Drone Launches . | . . . . . . . . . . . Drone Recoveries . | . . . . . . . . . . . Exploration | -11 -10 -9 -8 -7 -6 -5 -4 -4 -4 -4 ------------- Run | Yrd Mat Mat Mat Fac Fac Fac Fac Upp Upp War Turns Passed 10866 | 60 1842 2679 1070 2026 1378 308 41 613 142 707 Spaces Moved 6377 | 42 770 987 472 733 1196 304 33 728 276 836 Core 1365 | 15 . . 1 . 1 246 . 477 269 356 Treads 2905 | . 545 987 471 733 169 . . . . . Legs 550 | 27 181 . . . . 58 33 251 . . Wheels . | . . . . . . . . . . . Hover 1550 | . 44 . . . 1026 . . . . 480 Flight 7 | . . . . . . . . . 7 . Fastest Speed 35 | 50 56 240 160 160 51 50 120 50 35 50 Average Speed 143 | 122 198 240 172 221 92 87 120 77 49 76 Slowest Speed 950 | 200 680 240 950 245 510 250 120 250 50 200 Overloaded Moves . | . . . . . . . . . . . Propulsion Burnouts . | . . . . . . . . . . . Robots Hopped 2 | . . . . . . . . . 2 . Cave-ins Triggered . | . . . . . . . . . . . Exploration Rate (%) 45 | 3 89 80 43 18 34 7 2 86 53 82 Regions Visited 10 Branch Regions 3 Pre-discovered Areas 2 | . 1 . . . . . . . . 1 Known Exits Taken 8 | . 1 1 1 1 1 1 1 . 1 . Unknown Exits Taken 2 | 1 . . . . . . . 1 . . Scrap Searched 2 | . . . . . . . . 1 1 . Spaces Dug 7 | . . . . 1 6 . . . . . Terrain Destroyed 182 | . 18 7 24 40 44 5 . 44 . . Melee 7 | . . . . 1 6 . . . . . Projectile . | . . . . . . . . . . . AOE 175 | . 18 7 24 39 38 5 . 44 . . Terrain Rammed . | . . . . . . . . . . . Walls Destroyed . | . . . . . . . . . . . Machines Disabled . | . . . . . . . . . . . Actions | -11 -10 -9 -8 -7 -6 -5 -4 -4 -4 -4 --------- Run | Yrd Mat Mat Mat Fac Fac Fac Fac Upp Upp War Total 7447 | 47 924 1176 631 969 1397 331 34 760 277 901 Wait 462 | . 34 60 85 123 94 8 . . . 58 Move 6364 | 41 769 986 471 732 1196 303 32 727 271 836 Hop 2 | . . . . . . . . . 2 . Pick Up 45 | . 6 18 2 5 11 . . . . 3 Fast Attach 93 | 6 16 16 7 16 17 6 . 3 2 4 Attach 27 | . . 3 10 3 5 3 2 . 1 . Detach 12 | . 1 4 2 3 1 1 . . . . Swap 23 | . 8 8 2 4 1 . . . . . Drop 68 | . 13 25 5 4 20 1 . . . . Fire 259 | . 76 56 47 62 . 1 . 17 . . Melee 73 | . . . . 14 51 8 . . . . Ram 15 | . . . . . 1 . . 13 1 . Kick . | . . . . . . . . . . . Crush 2 | . 1 . . 1 . . . . . . Escape Stasis 2 | . . . . 2 . . . . . . Rewire . | . . . . . . . . . . . Trap . | . . . . . . . . . . . Miscellaneous . | . . . . . . . . . . . Route ------- -11/Scrapyard -10/Materials (discovered 5 exits: *Mat x2 / *Min x2 / *Sub) -9/Materials (discovered 4 exits: *Mat x3 / *Min) -8/Materials -7/Factory -6/Factory -5/Factory -4/Factory -4/Upper Caves -4/Upper Caves -4/Warlord History --------- Turn | Location | Event 15 | -11/Scrapyard | Discovered new exit (range 16) 61 | -11/Scrapyard | Entered Materials 494 | -10/Materials | Core integrity fell below 50% 591 | -10/Materials | Discovered new exit (range 5) 669 | -10/Materials | Build established: Scavenger-Mutant 844 | -10/Materials | Repaired Lgt. Treads 954 | -10/Materials | Discovered new exit (range 10) 969 | -10/Materials | Discovered new exit (range 16) 1080 | -10/Materials | Discovered new exit (range 5) 1118 | -10/Materials | Identified exit to Mines 1248 | -10/Materials | Identified exit to Subcaves 1311 | -10/Materials | Identified exit to Materials 1795 | -10/Materials | Discovered exit to Materials (range 16) 1903 | -10/Materials | Entered another Materials area 1903 | -9/Materials | Evolved 2 slots: Utility x1, Weapon x1 2190 | -9/Materials | Build established: Scavenger-Gunner 2459 | -9/Materials | Discovered new exit (range 15) 2492 | -9/Materials | Identified exit to Materials 3379 | -9/Materials | Build established: Gunner 3515 | -9/Materials | Discovered exit to Materials (range 10) 3575 | -9/Materials | Identified exit to Mines 4311 | -9/Materials | Central database locked down 4463 | -9/Materials | Discovered exit to Materials (range 12) 4582 | -9/Materials | Entered another Materials area 4582 | -8/Materials | Evolved 2 slots: Propulsion x1, Utility x1 5005 | -8/Materials | Destroyed 7 combat bots 5175 | -8/Materials | Garrison activated, responded to threat 5320 | -8/Materials | Repaired Imp. EM Shotgun 5414 | -8/Materials | Discovered new exit (range 15) 5471 | -8/Materials | Lost 6 parts (3n3w) 5652 | -8/Materials | Identified exit to Factory 5652 | -8/Materials | Entered Factory 5652 | -7/Factory | Evolved 2 slots: Power x1, Utility x1 5841 | -7/Factory | Garrison activated, responded to threat 6200 | -7/Factory | Fabricated System Shield? 6201 | -7/Factory | Fabricated Hacking Suite (x1) 6351 | -7/Factory | Build established: Scavenger-Gunner 6539 | -7/Factory | Allied Derelicts emerged from ambush trap array 7205 | -7/Factory | Build established: Scavenger-Tank 7495 | -7/Factory | Repaired Broken Arm. Treads 7535 | -7/Factory | Build established: Scavenger-Mutant 7638 | -7/Factory | Discovered new exit (range 8) 7655 | -7/Factory | Identified exit to Factory 7678 | -7/Factory | Entered another Factory area 7678 | -6/Factory | Evolved 2 slots: Utility x2 8054 | -6/Factory | Build established: Hacker-Mutant 8103 | -6/Factory | Spotted B-75 Beast 8449 | -6/Factory | Fabricated Imp. Hacking Suite? 8467 | -6/Factory | Lost 3 parts (2n1u) 8533 | -6/Factory | Discovered new exit (range 5) 8538 | -6/Factory | Identified exit to Factory 8631 | -6/Factory | Build established: Hacker-Gladiator 8879 | -6/Factory | Cargo convoy interrupted 8928 | -6/Factory | Lost 3 parts (1p2u) 8939 | -6/Factory | Core integrity fell below 50% 9056 | -6/Factory | Entered another Factory area 9056 | -5/Factory | Evolved 2 slots: Propulsion x1, Utility x1 9142 | -5/Factory | Discovered new exit (range 10) 9148 | -5/Factory | Identified exit to Factory 9315 | -5/Factory | Lost 6 parts (1p3u2w) 9361 | -5/Factory | Build established: Hacker-Mutant 9364 | -5/Factory | Entered another Factory area 9364 | -4/Factory | Evolved 2 slots: Utility x2 9386 | -4/Factory | Discovered new exit (range 16) 9402 | -4/Factory | Identified exit to Upper Caves 9405 | -4/Factory | Entered Upper Caves 9705 | -4/Upper Caves | Attracted the attention of an 0b10 checkpoint 9750 | -4/Upper Caves | Lost 4 parts (1p1n1u1w) 9773 | -4/Upper Caves | Learned Research garrison access intel 10012 | -4/Upper Caves | Core integrity fell below 50% 10016 | -4/Upper Caves | Discovered new exit (range 5) 10018 | -4/Upper Caves | Entered another Upper Caves area 10158 | -4/Upper Caves | Discovered new exit (range 3) 10159 | -4/Upper Caves | Identified exit to Warlord 10160 | -4/Upper Caves | Entered Warlord 10184 | -4/Warlord | Lost 3 parts (1n2u) 10187 | -4/Warlord | System corruption cleaned by Quarantine Array 10212 | -4/Warlord | Found Signal Generator 10328 | -4/Warlord | Visited the Vortex Lab 10334 | -4/Warlord | Found Prototype Energy Gun 10334 | -4/Warlord | Identified Vortex Rifle 10336 | -4/Warlord | Found Vortex Rifle 10342 | -4/Warlord | Warlord's base attacked by MAIN.C 10347 | -4/Warlord | Found Vortex Rifle 10692 | -4/Warlord | Warlord forces counterattacked 10719 | -4/Warlord | Met Warlord 10738 | -4/Warlord | Learned Factory fabricator intel 10738 | -4/Warlord | Learned Armory fabricator intel 10739 | -4/Warlord | Learned location of Command (-1) 10739 | -4/Warlord | Learned Research trap positions 10851 | -4/Warlord | Core integrity fell below 20% 10851 | -4/Warlord | Spotted Executioner 10863 | -4/Warlord | Lost 7 allies 10863 | -4/Warlord | Spotted Striker 10864 | -4/Warlord | Spotted Striker 10867 | -4/Warlord | Destroyed by G-73 Enforcer with Phase Gun Last Messages --------------- [Achievement: Hunted] 10863_ Vortex Rifle blown off. 10863_ Backup Power III blown off. 10863_ Backup Power III disintegrated. 10863_ E-15 Imp destroyed. 10863_ Remote Force Field blown off. 10863_ Backup Propulsion III blown off. 10863_ Backup Propulsion III disintegrated. 10863_ Mak. Hover Unit blown off. 10863_ E-15 Imp destroyed. 10864_ Penetrated by Slug. 10865_ Backup Laser III blown off. 10865_ Backup Laser III disintegrated. 10865_ Imp. Signal Interpreter blown off. 10865_ Imp. Hacking Suite blown off. 10865_ E-15 Imp destroyed. 10865_ S-43 Plague destroyed. 10866_ Striker knocked back. 10866_ S-27 Virus destroyed. [Achievement: Just Browsing] Map ----- +----------------------------------------------------+ | + #???????????????????????????????????????? | | # #???????????????????????????????????????? | | # #???????????????????????????????????????? | | # #???????????????????????????????????????? | | # #???????????????????????????????????????? | | # #???????????????????????????????????????? | | # #???????????????????????????????????????? | | # #???????????????????????????????????????? | | # #???????????????????????????????????????? | | ?######???????????????????????????????????????? | | ?# &#???????????????????????????????????????? | | ?# #???????????????????????????????????????? | | ?# #???????????????????????????????????????? | | ?# #???????????????????????????????????????? | | ###+###???????????????????????????????????????? | | ##?????""?????????????????????????????????? | | "#????#""#????????????????????????????????? | | "######""#????????????????????????????????? | | # ### #""#????????????????????????#??????#? | | # %/#[=! #""#####??????????????????? ##??? #? | | =%!=[!*=!""*|*"############???????? ##? #?? | | [ [ %%[[%|=""[==*"*[/= """""#???????? # #??? | | =!%![!=!=|!""[%!=]!=!!= """"#?####??# #???? | | %!==!%*=!%[%%%*]%*![%%/! g=### ###l #???? | | *%!=*=!=%==!!=%%[%%=%%!ss s%/Kg e b ;; ?????? | | !]=%/*%[[%=]%*=%=%%%%*!=%@%/g b g ##???????? | | ]%=!%/%==![%*[=%%!==!!!%=[K ####i ##????????? | | []=[[!=!%=%"=%!*[!![ """" "#??## #???? #??? | | !=[%!=#[!*"!!=!=[="""""""""#???# #???? ??? | | ==|[=[=#![!""*|=[############???# ##???? ??? | | #=%=###"###""#####?????????????## #????? ??? | | %[!|#?##??#""#????????????????## #???? ???? | | !==!#?????#""#????????????????# ##???? ???? | | !/! #??????""????????????????## ##????? ???? | | #* #????????????????????????# #?????? #???? | | #####????????????????????????# #?????? #???? | | ?????????????????????????????# ##?????? #???? | | ?????????????????????????????# #??????? ##??? | | ????????????????????????????## ##????## #??? | | ???????????????????????????## ##??## #??? | | ???????????????????????????# ##?# #??? | | ???????????????????????##### ## ### ^#??? | | ??????????????????????## # #### ## #??? | | ??????????????????????# #?## ## #??? | | ??????????????????????# ##?# ## ##??? | | ??????????????????????# ## #?## #???? | | ??????????????????????####?# #??### ##???? | | ??????????????????????????# ##????######????? | | ??????????????????????????#####???????????????? | | ??????????????????????????????????????????????? | +----------------------------------------------------+ Best States ------------- Heat Dissipation 43 Energy Generation 28 Energy Capacity 360 Matter Stores 300 Matter Capacity 300 Sight Range 16 Terrain Scan Density 10 Armor Coverage 225 Resistance: KI 20 Resistance: TH 20 Resistance: EX 20 Resistance: EM 20 Resistance: I 20 Resistance: S 20 Resistance: P 20 Melee Speed Boost 20 Evasion (%) 63 Targeting Accuracy 8 Melee Accuracy 11 Recoil Reduction 3 Offensive Hacking 42 Defensive Hacking 10 Item Schematics ----------------- Grenade Launcher | -9/Materials | Scanalyzed Imp. EM Shotgun | -9/Materials | Scanalyzed Mni. Grenade Launcher | -9/Materials | Scanalyzed Imp. Treads | -9/Materials | Scanalyzed Sensor Array | -9/Materials | Hacked Terrain Scan Processor | -9/Materials | Hacked Terrain Scanner | -9/Materials | Hacked Imp. Grenade Launcher | -9/Materials | Scanalyzed Lgt. Armor Plating | -9/Materials | Scanalyzed Visual Processing Unit | -9/Materials | Scanalyzed Imp. Ion Engine | -9/Materials | Scanalyzed Melee Analysis Suite | -9/Materials | Scanalyzed Signal Interpreter | -9/Materials | Scanalyzed Hacking Suite | -8/Materials | Hacked System Shield | -8/Materials | Hacked Imp. Hacking Suite | -6/Factory | Hacked Seismic Detector | -6/Factory | Scanalyzed Component Analysis Suite | -6/Factory | Scanalyzed Robot Schematics ------------------ None Fabricated ------------ System Shield | x1 | -7/Factory Hacking Suite | x1 | -7/Factory Imp. Hacking Suite | x1 | -6/Factory Alien Tech Used ----------------- None Achievements -------------- A Powerful Ally? Hunted Just Browsing Librarian Safety First Storm Trooper root@ Challenges ------------ None Game ------ Seed AnalysisAssaultSpear Manual? 0 Play Time 01:27:28 Cumulative 18.2 hours Start 2024.04.13 @ 11:05:10 End 2024.04.13 @ 12:36:23 Sessions 1 Manual Loads 0 Difficulty Adventurer Special Mode None Game No. 10 Rogue 0 Adventurer 10 Explorer 0 Win Type - Total 0 Types 0/0/0/0/0/0/0/0/0 Lore% 7 Gallery% 25 Achievement% 23 Wizard Run 0 Options --------- Layout 1 ASCII 0 Keyboard 0 Movement Mouse Keybinds 0 Fullscreen 0 Font 28/SmallcapsGlow Map View 50x40 Zoom Use 0% Tactical HUD 1 Map Filters NONE Filters NONE Steam 1 RUN: cf431435-a0f1-44fe-b557-6472ccd664a7